 Dungeon Crawl Stone Soup version 0.20.1-1-g8b1a95d (webtiles) character file.

3042 frozenfoxx the Cleaver (level 10, -3/171 HPs)
             Began as a Human Berserker on July 13, 2017.
             Was an Elder of Trog.
             Slain by a wolf (7 damage)
             ... led by Grum
             ... on level 7 of the Dungeon.
             The game lasted 00:28:28 (6674 turns).

frozenfoxx the Cleaver (Human Berserker)            Turns: 6674, Time: 00:28:29

Health: -3/171     AC: 25    Str: 24    XL:     10   Next: 11%
Magic:  10/10      EV:  2    Int:  8    God:    Trog [****..]
Gold:   289        SH:  0    Dex: 19    Spells: 9/9 levels left

rFire    . . .     SeeInvis .   x - +2 hand axe (chop)
rCold    . . .     Gourm    .   (no shield)
rNeg     + + +     Faith    .   (armour currently unavailable)
rPois    +         Spirit   .   (helmet currently unavailable)
rElec    .         Reflect  .   (cloak currently unavailable)
rCorr    .         Harm     .   (gloves currently unavailable)
MR       .....     NoTele   +   (boots currently unavailable)
Stlth    ..........             (no amulet)
Regen    0.4/turn               (no ring)
MPRegen  0.2/turn               (no ring)

@: agile, berserking, tree-form, starving, very quick
A: no striking features
a: Berserk, Trog's Hand, Brothers in Arms, Burn Spellbooks, Renounce Religion


You were on level 7 of the Dungeon.
You worshipped Trog.
Trog was greatly pleased with you.
You were starving.
You were a tree.
You visited 2 branches of the dungeon, and saw 9 of its levels.

You collected 289 gold pieces.

Inventory:

Hand Weapons
 b - a +0 short sword of draining
 v - a +0 halberd
 x - a +2 hand axe of chopping (weapon)
 y - a +0 shortbow
Missiles
 C - 11 arrows (quivered)
Armour
 d - a +2 ring mail of cold resistance (melded)
 g - a +2 pair of gloves (melded)
 j - a +0 large shield
 t - a +1 helmet (melded)
 w - a +0 plate armour
Jewellery
 E - an uncursed amulet of the gourmand {unknown}
Wands
 s - a wand of polymorph (2/24)
 A - a wand of paralysis (13/24)
 D - a wand of lightning (5/15)
Scrolls
 a - a scroll of recharging {unknown}
 f - 2 scrolls of blinking
 h - 3 scrolls of identify
 n - 2 scrolls of enchant weapon {unknown}
 r - a scroll of remove curse {unknown}
 u - 2 scrolls of amnesia {unknown}
Potions
 i - a potion of mutation {unknown}
 k - 2 potions of haste
 o - a potion of might
 p - a potion of cancellation
 z - a potion of lignification
 B - a potion of curing
Comestibles
 c - a meat ration
 l - 2 bread rations
 m - a royal jelly
 q - 3 fruits


   Skills:
 + Level 5.7 Fighting
 + Level 8.9 Axes
 + Level 4.0 Armour
 + Level 5.5 Dodging
 + Level 2.7 Stealth
 + Level 6.1 Shields


You had 9 spell levels left.
You didn't know any spells.

Dungeon Overview and Level Annotations

Branches:
Dungeon (8/15)             Temple (1/1) D:5
   Lair: D:8-11

Altars:
Dithmenos
Hepliaklqana
Kikubaaqudgha
Nemelex Xobeh
Okawaru
Qazlal
Trog
Vehumet
Xom
Yredelemnul
The Shining One

Annotations:
D:8 Grum


Message History

You miss the wolf.
The wolf is lightly wounded.
You hit the wolf.
The wolf bites you but does no damage. x2
You barely miss the wolf.
The wolf is lightly wounded.
You closely miss the wolf. The wolf bites you but does no damage.
The wolf barely misses you.
You slash the wolf!
You kill the wolf!
Trog accepts your kill.
You can now call in reinforcements.
Your Armour skill increases to level 4!
You slash the wolf! The wolf bites you but does no damage.
You cannot move.
You cannot move.
You cannot move.
You cannot move.
You barely miss the wolf.
The wolf is heavily wounded.
The wolf bites you!
You die...

##### #.... #.... #....
#....
#####################....
#.......................#
#........h..............'
#.......♣...............#
#.......................#
#......)...............†#
#.......#####.....####'##
#.......# #.....#..))..
#.......# #.....#......
#.......# #.....#......
#.......# #.....'......
#.......# #.....#......


You could see a wolf.

Vanquished Creatures
  Pikel (D:5)
  2 hungry ghosts
  A water moccasin (D:6)
  Duvessa (D:5)
  2 ice beasts
  2 orc warriors
  A sky beast (D:6)
  2 ogres
  A phantom (D:4)
  A necrophage (D:6)
  A wolf (D:7)
  A centaur (D:6)
  A big kobold (D:7)
  2 bullfrogs
  A water moccasin skeleton (D:5)
  2 scorpions
  3 electric eels (D:6)
  A centaur zombie (D:6)
  A crimson imp (D:5)
  3 orc priests
  4 hounds
  Jessica (D:2)
  A bullfrog skeleton (D:5)
  2 iguanas
  2 worker ants
  A hound skeleton (D:6)
  9 gnolls
  9 adders
  3 oozes
  An adder skeleton (D:6)
  3 worms (D:3)
  2 dart slugs (D:1)
  3 leopard geckos
  10 orcs
  4 giant cockroaches
  6 goblins
  8 hobgoblins
  4 jackals
  5 quokkas
  A ball python (D:4)
  7 bats
  5 frilled lizards
  11 kobolds
  A leopard gecko skeleton (D:4)
  4 rats
  A plant (D:6)
138 creatures vanquished.

Vanquished Creatures (others)
  A slave (D:5)
  Dowan (D:5)
2 creatures vanquished.

Grand Total: 140 creatures vanquished

Notes
Turn   | Place    | Note
-------+----------+-------------------------------------------
     0 | D:1      | frozenfoxx the Human Berserker began the quest for the Orb.
     0 | D:1      | Reached XP level 1. HP: 18/18 MP: 1/1
   227 | D:1      | Reached XP level 2. HP: 23/24 MP: 2/2
   668 | D:1      | Reached XP level 3. HP: 29/29 MP: 3/3
   958 | D:2      | Reached ** piety under Trog
   958 | D:2      | Reached XP level 4. HP: 11/36 MP: 4/4
  1610 | D:2      | Noticed Jessica
  1619 | D:2      | Killed Jessica
  1619 | D:2      | Reached skill level 4 in Axes
  1619 | D:2      | Reached skill level 1 in Shields
  1619 | D:2      | Reached XP level 5. HP: 17/42 MP: 5/5
  2791 | D:3      | Noticed an ogre
  2802 | D:3      | Killed an ogre
  2802 | D:3      | Reached skill level 1 in Stealth
  2802 | D:3      | Reached XP level 6. HP: 45/48 MP: 6/6
  3472 | D:4      | Found a stormy altar of Qazlal.
  3531 | D:4      | Reached skill level 5 in Axes
  3578 | D:4      | Noticed an orc warrior
  3589 | D:4      | Killed an orc warrior
  3589 | D:4      | Reached XP level 7. HP: 23/54 MP: 7/7
  3802 | D:4      | Reached skill level 6 in Axes
  3937 | D:4      | Reached *** piety under Trog
  4015 | D:5      | Entered Level 5 of the Dungeon
  4056 | D:5      | Found a sparkling altar of Nemelex Xobeh.
  4085 | D:5      | Reached XP level 8. HP: 56/61 MP: 8/8
  4095 | D:5      | Noticed Dowan
  4097 | D:5      | Noticed Duvessa
  4110 | D:5      | Noticed Pikel
  4121 | D:5      | Killed Pikel
  4134 | D:5      | Killed Duvessa
  4134 | D:5      | Reached skill level 7 in Axes
  4135 | D:5      | Killed Dowan
  4185 | D:5      | Found a staircase to the Ecumenical Temple.
  4191 | D:5      | Reached skill level 5 in Shields
  4203 | Temple   | Entered the Ecumenical Temple
  4472 | D:5      | Reached XP level 9. HP: 45/67 MP: 9/9
  4577 | D:5      | Found Bezygit's Distillery.
  4925 | D:6      | Reached skill level 5 in Fighting
  5126 | D:6      | Reached skill level 8 in Axes
  5207 | D:6      | Reached skill level 5 in Dodging
  5418 | D:6      | HP: 3/68 [electric eel/bolt of electricity (11)]
  6149 | D:7      | Reached XP level 10. HP: 69/72 MP: 10/10
  6644 | D:8      | Noticed Grum
  6666 | D:7      | HP: 5/114 [wolf[Grum] (6)]
  6673 | D:7      | Reached **** piety under Trog
  6674 | D:7      | Slain by a wolf

Skill      XL: |  1  2  3  4  5  6  7  8  9 10 |
---------------+-------------------------------+-----
Axes           | 4 5 6 7 8 |  8.9
Shields        | 1 2 3 5 6 |  6.1
Fighting       | 4 5 |  5.7
Stealth        | 1 2 |  2.7
Dodging        | 3 4 5 |  5.5
Armour         | 3 4 |  4.0

Action                   |  1- 3 |  4- 6 |  7- 9 | 10-12 || total
-------------------------+-------+-------+-------+-------++-------
Melee: Hand axe          |    75 |   229 |   330 |    63 ||   697
Invok: Trog's Hand       |       |     2 |     2 |       ||     4
       Berserk           |       |     2 |     3 |     1 ||     6
       Burn Spellbooks   |       |     1 |       |       ||     1
  Use: Scroll            |     2 |     1 |     4 |       ||     7
       Potion            |       |     1 |     6 |     3 ||    10
 Stab: Sleeping          |     1 |     7 |     2 |       ||    10
       Invisible         |       |       |     2 |       ||     2
  Eat: Bread ration      |       |     1 |     2 |       ||     3
       Meat ration       |       |     1 |     3 |       ||     4
       Fruit             |       |       |     1 |       ||     1
       Chunk             |       |       |       |     2 ||     2
Armor: Animal skin       |    15 |     2 |       |       ||    17
       Robe              |       |    19 |     5 |       ||    24
       Plate armour      |       |       |    25 |       ||    25
       Ring mail         |       |       |    74 |    24 ||    98
       Skin              |       |       |       |    13 ||    13
Dodge: Dodged            |    42 |    59 |    57 |    61 ||   219
Block: Shield            |    33 |    34 |       |       ||    67
       Large shield      |       |    83 |   171 |       ||   254
